 Dungeon Sprint DCSS version 0.21-a0-71-g5e5ddd2 (webtiles) character file.

6468 Kidiri the Martial Artist (level 10, -8/109 HPs)
             Began as a Black Draconian Transmuter on June 19, 2017.
             Was the Champion of Wu Jian.
             Mangled by a wolf (12 damage)
             ... in the Dungeon (Sprint VII: "The Pits").
             The game lasted 00:11:35 (1822 turns).

Kidiri the Martial Artist (DrTm)                    Turns: 1822, Time: 00:11:36

Health: -8/109     AC:  6    Str: 14    XL:     10   Next: 68%
Magic:  24/24      EV: 22    Int: 13    God:    Wu Jian [******]
Gold:   0          SH:  0    Dex: 14    Spells: 17/30 levels left

rFire    x . .     SeeInvis .     - Unarmed
rCold    + + +     Gourm    .   (shield currently unavailable)
rNeg     . . .     Faith    .   (armour unavailable)
rPois    +         Spirit   .   (helmet currently unavailable)
rElec    .         Reflect  .   (cloak currently unavailable)
rCorr    .         Harm     .   (gloves currently unavailable)
MR       +....     NoTele   +   (boots currently unavailable)
Stlth    +++.......             (no amulet)
HPRegen  0.28/turn              o - +3 ring of evasion
MPRegen  0.19/turn              p - +3 ring of evasion

@: ice-form
A: (breathe lightning), unfitting armour, magic resistance 1, AC +7
a: End Transformation, Serpent's Lash, Heavenly Storm, Renounce Religion


You were in the Dungeon.
You worshipped Wu Jian.
Wu Jian was exalted by your worship.
You were not hungry.
You were a creature of crystalline ice.
You visited 1 branch

Inventory:

Missiles
 b - 23 arrows
Armour
 r - a +0 cloak (melded)
Jewellery
 o - a +3 ring of evasion (left front paw)
 p - a +3 ring of evasion (right front paw)
Scrolls
 j - 3 scrolls of remove curse
 k - 5 scrolls of amnesia
 l - a scroll of summoning
Potions
 a - 2 potions of invisibility
 d - 9 potions of heal wounds
 e - 6 potions of curing
 f - a potion of haste
 g - 4 potions of magic
 h - 2 potions of berserk rage
 q - 4 potions of might
Comestibles
 c - 8 bread rations
 i - 10 chunks of flesh
 m - 40 fruits
 n - 7 meat rations


   Skills:
 + Level 9.1 Fighting
 * Level 10.9 Dodging
 * Level 5.5 Stealth
 * Level 11.8 Unarmed Combat
 * Level 10.8 Spellcasting
 + Level 8.5 Transmutations
 + Level 7.4 Ice Magic
 + Level 7.6 Poison Magic


You had 17 spell levels left.
You knew the following spells:

 Your Spells              Type           Power        Failure   Level  Hunger
a - Beastly Appendage     Tmut           ####..       1%          1    None
b - Spider Form           Tmut/Pois      ####......   1%          3    #......
c - Ice Form              Ice/Tmut       ####....     3%          4    ###....
d - Blade Hands           Tmut           ####......   9%          5    #####..


Dungeon Overview and Level Annotations

Branches:
Dungeon (1/1)

Altars:
Ashenzari
Cheibriados
Dithmenos
Elyvilon
Fedhas
Gozag
Hepliaklqana
Kikubaaqudgha
Makhleb
Nemelex Xobeh
Okawaru
Qazlal
Ru
Sif Muna
Trog
Uskayaw
Vehumet
Wu Jian
Xom
Yredelemnul
Zin
The Shining One
Beogh
Jiyva
Lugonu


Innate Abilities, Weirdness & Mutations

((You can breathe wild blasts of lightning.))
((Your glossy black scales are hard. (AC +7)))
You cannot fit into any form of body armour.
((You are resistant to electric shocks. (rElec)))
((You are cold-blooded and may be slowed by cold attacks.))
You are resistant to hostile enchantments. (MR+)
((Your system is resistant to poisons. (rPois)))


Message History

The elephant tramples you but does no damage.
The elephant completely misses you. The big kobold closely misses you.
You spin and attack the wolf.
You punch the wolf! You freeze the wolf.
The wolf is heavily wounded.
You spin and attack the elephant.
You punch the elephant! You freeze the elephant.
You kill the elephant!
The Council accepts your kill.
You spin and attack the big kobold repeatedly.
You punch the big kobold! You freeze the big kobold.
You kill the big kobold!
The Council accepts your kill. The wolf misses you. The wolf barely misses you.
The wolf misses you.
You spin and attack the wolf.
You punch the wolf! You freeze the wolf.
You kill the wolf!
The Council accepts your kill. The guardian mummy hits you!!
* * * LOW HITPOINT WARNING * * *
The wolf bites you!
You die...

.....##......#
#...§...§§#
.....##......#
##.....)§##
.<...###....## ####..)###
.....# ##''## ###..'.§§+
.....###....###....##+##
.....##......#....##
#######).....'....+
#######......#..).##
#...[###....###MYhh##'##.
#..[[# ##''## ###h§'h..'.
+..))# #....# ####...##
#..))##......# .....
#..))##......# ....
############## ###


You could see a guardian mummy and 4 wolves.

Vanquished Creatures
  A hydra (D)
  A sea snake (D)
  2 lindwurms (D)
  An orc knight (D)
  2 deep elf magi (D)
  An elephant (D)
  An efreet (D)
  An ice devil (D)
  A rime drake (D)
  A bog body (D)
  A redback (D)
  A spriggan (D)
  A ynoxinul (D)
  An air elemental (D)
  A steam dragon (D)
  A vampire mosquito (D)
  A water moccasin (D)
  2 floating eyes (D)
  An orc warrior (D)
  2 ice beasts (D)
  An ogre (D)
  A centaur (D)
  2 wolves (D)
  A crocodile (D)
  A big kobold (D)
  A gnoll sergeant (D)
  A hound (D)
  An orc wizard (D)
  An orc priest (D)
  An iron imp (D)
  3 gnolls (D)
  A river rat (D)
  A worm (D)
  2 leopard geckos (D)
  4 orcs (D)
  A bat skeleton (D)
  A bat zombie (D)
  2 giant cockroaches (D)
  5 jackals (D)
  A kobold (D)
  2 bats (D)
58 creatures vanquished.

Notes
Turn   | Place    | Note
-------+----------+-------------------------------------------
     0 | D        | Kidiri the Draconian Transmuter began the quest for the Orb.
     0 | D        | Reached XP level 1. HP: 16/16 MP: 3/3
    50 | D        | Found a bloodstained altar of Trog.
    50 | D        | Found a deep blue altar of Sif Muna.
    50 | D        | Found a viscous altar of Jiyva.
    50 | D        | Found a hazy altar of Hepliaklqana.
    50 | D        | Found an opulent altar of Gozag.
    51 | D        | Found a glowing golden altar of the Shining One.
    51 | D        | Found a glowing silver altar of Zin.
    51 | D        | Found a basalt altar of Yredelemnul.
    51 | D        | Found a shimmering altar of Xom.
    51 | D        | Found an ornate altar of the Wu Jian Council.
    51 | D        | Found a sacrificial altar of Ru.
    51 | D        | Found a stormy altar of Qazlal.
    51 | D        | Found an iron altar of Okawaru.
    51 | D        | Found a sparkling altar of Nemelex Xobeh.
    51 | D        | Found a burning altar of Makhleb.
    51 | D        | Found a blossoming altar of Fedhas.
    51 | D        | Found a white marble altar of Elyvilon.
    51 | D        | Found a shadowy altar of Dithmenos.
    51 | D        | Found a snail-covered altar of Cheibriados.
    53 | D        | Found a radiant altar of Vehumet.
    53 | D        | Found a corrupted altar of Lugonu.
    53 | D        | Found a roughly hewn altar of Beogh.
    54 | D        | Found a hide-covered altar of Uskayaw.
    54 | D        | Found an ancient bone altar of Kikubaaqudgha.
    54 | D        | Found a shattered altar of Ashenzari.
    60 | D        | Became a worshipper of the Wu Jian Council
    84 | D        | Reached * piety under Wu Jian
   105 | D        | Noticed a floating eye
   110 | D        | Paralysed by a floating eye for 2 turns
   113 | D        | Killed a floating eye
   113 | D        | Reached skill level 5 in Unarmed Combat
   113 | D        | Reached XP level 2. HP: 22/26 MP: 2/7
   113 | D        | Reached XP level 3. HP: 26/31 MP: 2/9
   113 | D        | Reached XP level 4. HP: 32/38 MP: 2/10
   127 | D        | Learned a level 3 spell: Spider Form
   132 | D        | Learned a level 4 spell: Ice Form
   207 | D        | Noticed a gnoll sergeant
   211 | D        | Reached ** piety under Wu Jian
   223 | D        | Reached *** piety under Wu Jian
   240 | D        | HP: 1/40 [gnoll/spear of freezing (4)]
   246 | D        | Reached skill level 1 in Ice Magic
   246 | D        | Reached skill level 1 in Poison Magic
   246 | D        | Reached XP level 5. HP: 2/46 MP: 7/12
   273 | D        | Learned a level 5 spell: Blade Hands
   347 | D        | Reached skill level 5 in Dodging
   347 | D        | Reached skill level 6 in Unarmed Combat
   347 | D        | Reached skill level 5 in Spellcasting
   664 | D        | Noticed an ice beast
   667 | D        | Reached **** piety under Wu Jian
   675 | D        | Killed an ice beast
   675 | D        | Reached XP level 6. HP: 51/55 MP: 9/14
   677 | D        | Reached skill level 5 in Fighting
   677 | D        | Reached skill level 7 in Unarmed Combat
   683 | D        | Reached ***** piety under Wu Jian
   684 | D        | Reached skill level 5 in Transmutations
   894 | D        | Noticed an ice devil
   907 | D        | Killed an ice devil
   907 | D        | Reached skill level 8 in Unarmed Combat
   907 | D        | Your scales start taking on a glossy black colour.
   907 | D        | Reached XP level 7. HP: 28/62 MP: 14/17
   907 | D        | Gained mutation: You are resistant to electric shocks. (rElec) [Black Draconian growth]
  1104 | D        | Noticed a deep elf mage
  1108 | D        | Killed a deep elf mage
  1108 | D        | Reached XP level 8. HP: 70/71 MP: 12/19
  1111 | D        | Reached skill level 9 in Unarmed Combat
  1156 | D        | Reached skill level 5 in Poison Magic
  1162 | D        | Reached skill level 5 in Ice Magic
  1217 | D        | Gained mutation: Your system is resistant to poisons. (rPois) [potion of mutation]
  1217 | D        | Gained mutation: You are resistant to hostile enchantments. (MR+) [potion of mutation]
  1299 | D        | Noticed a deep elf mage
  1299 | D        | Noticed a lindwurm
  1301 | D        | Killed a deep elf mage
  1301 | D        | Reached XP level 9. HP: 79/79 MP: 16/21
  1301 | D        | Reached skill level 10 in Unarmed Combat
  1305 | D        | Killed a lindwurm
  1408 | D        | Noticed a rime drake
  1411 | D        | Killed a rime drake
  1438 | D        | Noticed a sea snake
  1438 | D        | Noticed a lindwurm
  1442 | D        | Killed a sea snake
  1445 | D        | Killed a lindwurm
  1445 | D        | Reached skill level 10 in Dodging
  1445 | D        | Reached skill level 11 in Unarmed Combat
  1445 | D        | Reached skill level 10 in Spellcasting
  1445 | D        | Reached XP level 10. HP: 26/90 MP: 18/24
  1709 | D        | Noticed an orc knight
  1721 | D        | Killed an orc knight
  1801 | D        | Noticed a five-headed hydra
  1809 | D        | Killed a five-headed hydra
  1813 | D        | Noticed an elephant
  1813 | D        | Reached skill level 5 in Stealth
  1817 | D        | Reached ****** piety under Wu Jian
  1821 | D        | Killed an elephant
  1822 | D        | HP: 4/109 [guardian mummy (28)]
  1822 | D        | Mangled by a wolf

Vault maps used:
D:        pitsprint

Skill      XL: |  1  2  3  4  5  6  7  8  9 10 |
---------------+-------------------------------+-----
Dodging        | 4 6 7 8 10 | 10.9
Fighting       | 3 4 5 6 7 8 9 |  9.1
Unarmed Combat | 5 6 8 9 11 | 11.8
Spellcasting   | 4 5 6 7 8 10 | 10.8
Transmutations | 3 4 5 6 7 8 |  8.5
Ice Magic      | 1 2 3 4 5 6 7 |  7.4
Poison Magic   | 1 2 3 4 5 6 7 |  7.6
Stealth        | 3 5 |  5.5

Action                   |  1- 3 |  4- 6 |  7- 9 | 10-12 || total
-------------------------+-------+-------+-------+-------++-------
Melee: Unarmed           |    15 |    60 |    41 |    55 ||   171
       Tailslap          |     2 |       |     2 |     1 ||     5
       Headbutt          |     2 |       |       |       ||     2
       Kick              |     1 |       |       |       ||     1
       Punch             |       |       |     1 |       ||     1
 Cast: Beastly Appendage |     3 |       |       |     1 ||     4
       Spider Form       |       |     4 |       |       ||     4
       Ice Form          |       |     2 |       |     1 ||     3
       Blade Hands       |       |       |     5 |     2 ||     7
Invok: Heavenly Storm    |       |       |     2 |     1 ||     3
       Serpent's Lash    |       |       |     2 |       ||     2
 Abil: Breathe Lightning |       |       |     1 |     1 ||     2
  Use: Potion            |       |     3 |     1 |     2 ||     6
       Scroll            |       |     1 |       |       ||     1
 Stab: Sleeping          |       |     1 |       |       ||     1
  Eat: Chunk             |       |     2 |     3 |     2 ||     7
Armor: Skin              |    10 |     9 |     4 |     6 ||    29
Dodge: Dodged            |    10 |    34 |    31 |    47 ||   122
